 Dungeon Crawl Stone Soup version 0.32-a0-128-g77eb882913 (webtiles) character file.

Game seed: 13738695963150246735

4 zeratav the Ruffian (level 1, 0/13 HPs)
             Began as an Octopode Shapeshifter on Feb 8, 2024.
             Succumbed to a goblin's poison
             ... on level 1 of the Dungeon.
             The game lasted 00:00:24 (156 turns).

zeratav the Ruffian (Octopode Shapeshifter)          Turns: 156, Time: 00:00:24

Health: 0/13       AC:  1    Str: 13    XL:     1   Next: 60%
Magic:  1/1        EV: 10    Int: 12    God:
Gold:   18         SH:  0    Dex: 11    Spells: 0/0 levels left

rFire   . .          .
                       - Unarmed
rCold   . . .        (no shield)
rNeg    . . .        (helmet currently unavailable)
rPois   .            (no amulet)
rElec   .            (no ring)
rCorr   .            (no ring)
SInv    .            (no ring)
Will    .....        (no ring)
Stlth   ++           (no ring)
HPRegen 0.22/turn    (no ring)
MPRegen 0.07/turn    (no ring)
                     (no ring)

%: no passive effects
@: lethally poisoned (0 -> -7), beast-form, constricted
A: beast (slay +1), almost no armour, amphibious, 8 rings, camouflage 1,
gelatinous body 1, (nimble swimmer 1), tentacles
a: Begin Untransformation


You were on level 1 of the Dungeon.
You were a hulking beast.
You visited 1 branch of the dungeon, and saw 1 of its levels.

You collected 18 gold pieces.


Innate Abilities, Weirdness & Mutations

You are a hulking beast.
Your limbs bulge with bestial killing power. (Slay +1)
You cannot wear most types of armour.
You are amphibious.
You can wear up to eight rings at the same time.
Your skin changes colour to match your surroundings (Stealth+).
Your rubbery body absorbs attacks. (AC +1, EV +1)
((You are camouflaged when in or above water. (Stealth+)))
You have tentacles for arms and can constrict up to eight enemies at once.


   Skills:
 + Level 1.6 Fighting
 - Level 2.0 Dodging
 - Level 3.0 Unarmed Combat
 - Level 3.0 Shapeshifting


You couldn't memorise any spells.
You didn't know any spells.
Your spell library contained the following spells:

 Spells                   Type           Power      Damage    Failure   Level
 Lesser Beckoning         Tloc           0%         N/A       45%         2
 Gell's Gravitas          Tloc           0%         N/A       69%         3
 Teleport Other           Tloc           0%         N/A       69%         3

Inventory:

Talismans
 b - a beast talisman (active)
 c - a flux talisman
Scrolls
 e - 2 scrolls of revelation {unknown}
Potions
 a - a potion of lignification {!q}
 d - a potion of haste {unknown}

Dungeon Overview and Level Annotations

Branches:
Dungeon (1/15) Zot: 5844

Altars:

#..........#
#...(......##.
#............
#.........l# #
##...)....##..
###.......r....#
.......b)S....#
#.....h.....#
#....b.....## ##
#..........# >#####
##........## ....<#
#.......## .#####
#.#.####### '##.#
##.........# ....###
#..........#
##....#####..........#


You could see 2 bats, a ball python, a frilled lizard and a rat.


Message History

You completely miss the goblin. You grab the goblin. You squeeze the goblin.
You kill the goblin!
No target in view!
No target in view!
No target in view!
No target in view!
No target in view!
No target in view!
No target in view!
No target in view!
No target in view!
No target in view!
No target in view!
No target in view!
No target in view!
No target in view!
No target in view!
Things that are here:
a +0 club {mace}; a goblin corpse A bat comes into view.
The bat moves out of view.
You now have 18 gold pieces (gained 7).
e - a scroll labelled TAFRIPPIWKE A rat comes into view.
A rat is nearby!
A rat is nearby!
The rat squeaks loudly.
The rat misses you.
You closely miss the rat. You grab the rat. You squeeze the rat.
You kill the rat!
No target in view!
No target in view!
No target in view!
No target in view!
No target in view!
No target in view!
No target in view!
No target in view!
No target in view!
No target in view!
No target in view!
No target in view!
No target in view!
e - 2 scrolls labelled TAFRIPPIWKE (gained 1)
You see here a rat corpse.
A bat is nearby!
A bat is nearby!
A goblin comes into view. It is wielding a +2 dagger of venom.
A bat and a ball python come into view.
The ball python hisses angrily.
The goblin shouts!
You hear a loud squeak.
A rat comes into view.
The rat squeaks loudly.
You hear an angry hiss.
The bat hits you but does no damage.
You barely miss the bat. Your grab misses the bat. Your squeeze misses the bat.
The bat closely misses you.
A frilled lizard comes into view.
The bat closely misses you.
You barely miss the bat. Your grab misses the bat. The bat hits you.
The bat hits you but does no damage.
The goblin hits you with a +2 dagger of venom.
You are poisoned.
The ball python bites you. The ball python closely misses you.
The bat hits you.
HP[-5]
You take 5 damage, and now have 8/13 hp.
MASSIVE DAMAGE!! (PAUSE)
You tentacle-slap the bat. Your grab misses the bat.
Your squeeze misses the bat.
* * * LOW HITPOINT WARNING * * *
You feel sick. The bat hits you.
* * * LOW HITPOINT WARNING * * *
The goblin misses you. The ball python bites you.
* * * LOW HITPOINT WARNING * * *
The ball python grabs you. The ball python constricts you.
* * * LOW HITPOINT WARNING * * *
The bat barely misses you.
You are too injured to fight recklessly!
You are too injured to fight recklessly!
You are too injured to fight recklessly!
You are too injured to fight recklessly!
HP[-6]
You take 6 damage, and now have 2/13 hp.
MASSIVE DAMAGE!! (PAUSE)
You are too injured to fight recklessly!
You are too injured to fight recklessly!
You are too injured to fight recklessly!
You are too injured to fight recklessly!
You are too injured to fight recklessly!
You are too injured to fight recklessly!
You are too injured to fight recklessly!
You are too injured to fight recklessly!
You are too injured to fight recklessly!
You are too injured to fight recklessly!
You are too injured to fight recklessly!
You are too injured to fight recklessly!
You are too injured to fight recklessly!
You are too injured to fight recklessly!
You tentacle-slap the goblin.
You kill the goblin!
You die...

Action                     || total
---------------------------++-------
  Melee: Unarmed           ||     8
         Constrict         ||     2
         Tentacles         ||     2
 Armour: Skin              ||     9
  Dodge: Dodged            ||     7
   Form: Beast             ||     1

Levels and vault maps discovered:
D:1:      amcnicky_arrival_choice, layout_rooms, minmay_bisected

Notes
Turn   | Place    | Note
-------+----------+-------------------------------------------
     0 | D:1      | zeratav the Octopode Shapeshifter began the quest for the
                  | Orb.
     0 | D:1      | Reached XP level 1. HP: 13/13 MP: 1/1
     0 | D:1      | magus.rc [v1.9.6]
    67 | D:1      | You pick up a book of Displacement and begin reading...
    67 | D:1      | You add the spells Lesser Beckoning, Gell's Gravitas and
                  | Teleport Other to your library.
   155 | D:1      | HP: 3/13 [ball python (2)]
   156 | D:1      | Succumbed to a goblin's poison

Vanquished Creatures
  3 goblins (D:1)
  A frilled lizard (D:1)
  A rat (D:1)
5 creatures vanquished.

Table legend:
 A = Non-vault XP
 B = Vault XP
 C = Vault XP percentage of total XP
 D = Non-vault monster count
 E = Vault monster count
 F = Vault count percentage of total count
                 A         B        C        D         E       F
            +---------+---------+-------+---------+---------+-------
      Total |       8 |       0 |   0.0 |       5 |       0 |   0.0
            +---------+---------+-------+---------+---------+-------
        D:1 |       8 |       0 |   0.0 |       5 |       0 |   0.0
            +---------+---------+-------+---------+---------+-------

Action                     || total
---------------------------++-------
  Melee: Unarmed           ||     8
         Constrict         ||     2
         Tentacles         ||     2
 Armour: Skin              ||     9
  Dodge: Dodged            ||     7
   Form: Beast             ||     1

Illustrated notes

Table legend:
 A = Kills in this place as a percentage of kills in the entire game.
 B = Kills by you in this place as a percentage of kills by you in the entire game.
 C = Kills by friends in this place as a percentage of kills by friends in the entire game.
 D = Other kills in this place as a percentage of other kills in the entire game.
 E = Experience gained in this place as a percentage of experience gained in the entire game.
 F = Experience gained in this place divided by the number of levels of this place that you have seen.
                   A       B       C       D       E      F
               +-------+-------+-------+-------+-------+----------------------
         Total | 100.0 | 100.0 |   N/A |   N/A | 100.0 |   8.0
       Dungeon | 100.0 | 100.0 |   N/A |   N/A | 100.0 |   8.0
               +-------+-------+-------+-------+-------+----------------------

Table legend: (Time is in decaauts)
 A = Elapsed time spent in this place.
 B = Non-inter-level travel time spent in this place.
 C = Inter-level travel time spent in this place.
 D = Time resting spent in this place.
 E = Time spent auto-exploring this place.
 F = Levels seen in this place.
 G = Mean time per level.
                   A        B        C        D        E       F      G
               +--------+--------+--------+--------+--------+-----+--------+
         Total |    155 |    155 |      0 |      0 |    115 |   1 |  155.0 |
       Dungeon |    155 |    155 |      0 |      0 |    115 |   1 |  155.0 |
               +--------+--------+--------+--------+--------+-----+--------+

Top non-repeatable levels by time:
     D:1: 155 daAuts
